 Dungeon Crawl Stone Soup version 0.25.1-8-g42b30a86e7 (webtiles) character file.

Game seed: 6851396598956054087

52 puppyhush the Chiller (level 3, 0/24 HPs)
             Began as a Demonspawn Ice Elementalist on Dec 8, 2020.
             Slain by a water moccasin (7 damage)
             ... on level 2 of the Dungeon.
             The game lasted 00:13:47 (1734 turns).

puppyhush the Chiller (Demonspawn Ice Elementalist) Turns: 1734, Time: 00:13:47

Health: 0/24       AC:  3    Str:  8    XL:     3   Next: 60%
Magic:  0/6        EV: 13    Int: 16    God:
Gold:   65         SH:  0    Dex: 14    Spells: 6/7 levels left

rFire    . . .     SeeInvis .   k - +1 whip (drain)
rCold    . . .     Gourm    .   (no shield)
rNeg     . . .     Faith    .   a - +0 robe
rPois    .         Spirit   +   (no helmet)
rElec    .         Reflect  .   (no cloak)
rCorr    .         Harm     .   (no gloves)
MR       .....                  m - +0 pair of boots
Stlth    ++........             p - amulet of guardian spirit
HPRegen  0.08/turn              g - ring of wizardry
MPRegen  0.10/turn              (no ring)

@: lethally poisoned (0 -> -14)
A: powered by death 1
a: no special abilities


You were on level 2 of the Dungeon.
You were not hungry.

You visited 1 branch of the dungeon, and saw 2 of its levels.

You collected 65 gold pieces.

Inventory:

Hand Weapons
 j - a +0 short sword
 k - a +1 whip of draining (weapon)
 n - a +0 spear
 q - a +0 quarterstaff
 r - a +0 spear
Missiles
 e - 29 arrows
 h - 29 stones (quivered)
 l - 16 sling bullets
Armour
 a - a +0 robe (worn)
 m - a +0 pair of boots (worn)
Jewellery
 b - a +6 ring of dexterity {unknown}
 f - an uncursed ring of protection from cold {unknown}
 g - a ring of wizardry (left hand)
 p - an amulet of guardian spirit (around neck)
Scrolls
 c - a scroll of amnesia {unknown}
 o - a scroll of blinking {unknown}
Potions
 d - a potion of lignification {unknown}
 i - a potion of berserk rage {unknown}
 s - a potion of curing {unknown}
Comestibles
 t - a chunk of flesh
 u - 2 rations


   Skills:
 + Level 2.3 Dodging
 + Level 2.4 Stealth
 + Level 2.5 Spellcasting
 + Level 4.0 Ice Magic


You had 6 spell levels left.
You knew the following spells:

 Your Spells              Type           Power        Failure   Level  Hunger
a - Freeze                Ice            ##..         1%          1    #......

Your spell library contained the following spells:

 Spells                   Type           Power        Failure   Level  Hunger
 Frozen Ramparts          Ice            ##....       4%          3    ###....
 Ozocubu's Armour         Chrm/Ice       #.......     11%         3    ###....
 Hailstorm                Conj/Ice       #.......     32%         4    #####..
 Summon Ice Beast         Ice/Summ       #.......     32%         4    #####..


Dungeon Overview and Level Annotations

Branches:
Dungeon (2/15)

Altars:


Innate Abilities, Weirdness & Mutations

You regenerate a little health from kills.


Message History

The water moccasin poisons you!
Casting: Freeze (safe; 1% risk of failure)
Confirm with . or Enter, or press ? or * to list all spells.
Aiming: Freeze (safe; 1% risk of failure)
Press: ? - help, Shift-Dir - straight line, f/p - water moccasin
Aim: a water moccasin (moderately wounded, slow)
You freeze the water moccasin.
The water moccasin is heavily wounded.
You feel sick. The water moccasin bites you.
Casting: Freeze (safe; 1% risk of failure)
Confirm with . or Enter, or press ? or * to list all spells.
Aiming: Freeze (safe; 1% risk of failure)
Press: ? - help, Shift-Dir - straight line, f/p - water moccasin
Aim: a water moccasin (heavily wounded, slow)
You freeze the water moccasin.
The water moccasin is severely wounded.
The water moccasin seems to slow down.
* * * LOW HITPOINT WARNING * * *
You feel sick. The water moccasin bites you!
You die...

#....#
#....####.........#
#.....
##.#.....########.#
#...#.#
#.#####.##.......#
#.w.#.. #.#
#.##.####### #.#
#.##.# #.# #....#
#.# ###### #.# #@#
#S# #.# .......(#
S....#..# #### #..#
...# ##..# #..#


You could see a water moccasin (slow).

Vanquished Creatures
  An adder (D:2)
  2 oozes
  A worm (D:2)
  A leopard gecko (D:2)
  3 bats (D:1)
  2 giant cockroaches (D:2)
  4 goblins
  3 hobgoblins
  7 kobolds
  A frilled lizard (D:2)
  6 rats
31 creatures vanquished.

Notes
Turn   | Place    | Note
-------+----------+-------------------------------------------
     0 | D:1      | puppyhush the Demonspawn Ice Elementalist began the quest
                  | for the Orb.
     0 | D:1      | Reached XP level 1. HP: 13/13 MP: 3/3
   217 | D:1      | Gained mutation: You regenerate a little health from kills.
                  | [demonic ancestry]
   217 | D:1      | Reached XP level 2. HP: 17/19 MP: 3/5
  1029 | D:2      | Reached XP level 3. HP: 14/24 MP: 0/6
  1441 | D:2      | Reached skill level 4 in Ice Magic
  1724 | D:2      | Noticed a water moccasin
  1734 | D:2      | Slain by a water moccasin

Illustrated notes

Levels and vault maps discovered:
D:1:      minmay_arrival_floating_metal, layout_basic
D:2:      layout_basic, first_ration

Skill      XL: |  1  2  3 |
---------------+----------+-----
Stealth        | 2 |  2.4
Dodging        | 2 |  2.3
Ice Magic      | 4 |  4.0
Spellcasting   | |  2.5

Action                   || total
-------------------------++-------
Melee: Whip              ||    31
Throw: Stone             ||     7
 Cast: Freeze            ||    37
  Use: Scroll            ||     4
  Eat: Ration            ||     1
       Chunk             ||     1
Armor: Robe              ||    10
Dodge: Dodged            ||    36
